 Dungeon Crawl Stone Soup version 0.29.0-4-gdea44cf6ec (webtiles) character file.

Game seed: 4745717822985570993

1 qw the Sneak (level 1, -9/14 HPs)
             Began as a Gargoyle Delver on Sept 10, 2022.
             Mangled by Edmund
             ... wielding a +4 vorpal dire flail
              (11 damage)
             ... on level 5 of the Dungeon.
             The game lasted 00:00:01 (48 turns).

qw the Sneak (Gargoyle Delver)                        Turns: 48, Time: 00:00:02

Health: -9/14      AC:  5    Str: 15    XL:     1   Next: 20%
Magic:  1/1        EV: 11    Int: 10    God:
Gold:   0          SH:  0    Dex: 11    Spells: 0/0 levels left

rFire   . . .      SeeInvis .   a - +0 hand axe
rCold   . . .      Faith    .   (no shield)
rNeg    + . .      Spirit   .   b - +0 leather armour
rPois   inf        Reflect  .   (no helmet)
rElec   +          Harm     .   (no cloak)
rCorr   .          Rampage  .   (no gloves)
Will    .....                   (no boots)
Stlth   +++.......              (no amulet)
HPRegen 0.04/turn               (no ring)
MPRegen 0.07/turn               (no ring)

@: no status effects
A: sickness immunity, AC +2, negative energy resistance 1, electricity
resistance, torment resistance 1, petrification resistance
a: no special abilities


You were on level 5 of the Dungeon.
You visited 1 branch of the dungeon, and saw 1 of its levels.


Innate Abilities, Weirdness & Mutations

You are immune to sickness and miasma.
Your stone body is resilient. (AC +2)
You are immune to poison.
You resist negative energy. (rN+)
You are resistant to electric shocks. (rElec)
You are resistant to unholy torment.
You are immune to petrification.


   Skills:
 - Level 3.2 Fighting
 + Level 1.9 Axes
 - Level 1.5 Dodging
 - Level 5.4 Stealth


You couldn't memorise any spells.
You didn't know any spells.
Your spell library was empty.

Inventory:

Hand Weapons
 a - a +0 hand axe (weapon)
 h - a +0 club
Armour
 b - a +0 leather armour (worn)
 i - a +0 ring mail
Wands
 g - a wand of digging (3)
Scrolls
 c - a scroll of fog
 d - a scroll of magic mapping
 e - a scroll of fear
Potions
 f - a potion of haste

Dungeon Overview and Level Annotations

Branches:
Dungeon (5/15)
 Temple: D:4-7

Altars:

Annotations:
D:5 Edmund


Message History

Welcome, qw the Gargoyle Delver.
Below lies the Orb of Zot, rumoured to be powerful enough to resurrect a god...
Press ? for a list of commands and other information.
Found a club.
Found two stone staircases leading down.
Assign waypoint to what number? (0-9) Waypoint 2 assigned to D:5.
Enter note:
0 ||| PLANNING D:1-11
h - a +0 club A quokka comes into view.
The quokka moves out of view.
Enter note: You hit the quokka.
You kill the quokka!
Found 3 stones.
i - a +0 ring mail Edmund the Younger comes into view.
He is wielding a +4 vorpal dire flail and wearing a +3 leather armour of poison resistance.
Edmund shouts!
Edmund says, "People think my brother is the best.
I think he's crazy."
Edmund says, "You wouldn't believe how much I paid for this flail."
Edmund hits you with a +4 vorpal dire flail.
You closely miss Edmund. Edmund barely misses you.
You hit Edmund but do no damage.
Edmund hits you with a +4 vorpal dire flail.
You hit Edmund but do no damage. Edmund closely misses you.
You hit Edmund.
Edmund is lightly wounded.
Edmund hits you with a +4 vorpal dire flail!
Ouch! That really hurt!
You die...

###### ..
#....###.#
##........#
##........(###
#............#
##.............
#..............
#......@@......
##..............
#...............
#...............
##..............
.##
####...........
...#
#..#########
....# ##.##
.....# #..#


You could see Edmund.

Vanquished Creatures
  A quokka (D:5)
1 creature vanquished.

Notes
Turn   | Place    | Note
-------+----------+-------------------------------------------
     0 | D:5      | qw the Gargoyle Delver began the quest for the Orb.
     0 | D:5      | Reached XP level 1. HP: 14/14 MP: 1/1
     0 | D:5      | 0 ||| qw: Version: 0.1-a-116-g5d60599
     0 | D:5      | 0 ||| qw: Game counter: 8557
     0 | D:5      | 0 ||| qw: Always use a shield: true
     0 | D:5      | 0 ||| qw: God list: Okawaru
     0 | D:5      | 0 ||| qw: Allow faded altars: false
     0 | D:5      | 0 ||| qw: Do Orc after D:15 true
     0 | D:5      | 0 ||| qw: Do second Lair branch before Depths: true
     0 | D:5      | 0 ||| qw: Lair rune preference: random
     0 | D:5      | 0 ||| qw: Plans: Normal
     0 | D:5      | 0 ||| PLANNING D:1-11
    33 | D:5      | Noticed Edmund
    46 | D:5      | HP: 3/14 [Edmund/+4 vorpal dire flail (6)]
    46 | D:5      | HP: 1/14 [Edmund/+4 vorpal dire flail (2)]
    48 | D:5      | Mangled by Edmund

Levels and vault maps discovered:
D:5:      layout_cave_pods, minmay_temple_entry_wispy, minivault_5, uniq_edmund

Action                   || total
-------------------------++-------
Melee: Hand axe          ||     5
Dodge: Dodged            ||     2

Table legend:
 A = Non-vault XP
 B = Vault XP
 C = Vault XP percentage of total XP
 D = Non-vault monster count
 E = Vault monster count
 F = Vault count percentage of total count
                 A         B        C        D         E       F
            +---------+---------+-------+---------+---------+-------
      Total |       2 |       0 |   0.0 |       1 |       0 |   0.0
            +---------+---------+-------+---------+---------+-------
        D:5 |       2 |       0 |   0.0 |       1 |       0 |   0.0
            +---------+---------+-------+---------+---------+-------
